 Dungeon Sprint DCSS version 0.29-a0-512-gf59ac788ac (webtiles) character file.

Game seed: 13453518514603043141

14151 mhtbhm the Wrestler (level 11, -6/117 HPs)
             Began as a Troll Transmuter on May 29, 2022.
             Was an Initiate of Gozag.
             Mangled by an orc warrior
             ... wielding a +0 glaive
              (20 damage)
             ... in the Dungeon (Sprint IX: "|||||||||||||||||||||||||||||").
             The game lasted 00:07:14 (1492 turns).

mhtbhm the Wrestler (Troll Transmuter)              Turns: 1492, Time: 00:07:15

Health: -6/117     AC:  9    Str: 23    XL:     11   Next: 84%
Magic:  21/22      EV: 12    Int: 13    God:    Gozag
Gold:   5656       SH:  0    Dex: 10    Spells: 12/27 levels left

rFire   x . .      SeeInvis .     - Unarmed
rCold   + + +      Faith    .   (shield currently unavailable)
rNeg    . . .      Spirit   .   (body armour currently unavailable)
rPois   +          Reflect  .   (helmet currently unavailable)
rElec   .          Harm     .   (cloak currently unavailable)
rCorr   .          Rampage  .   (gloves unavailable)
Will    .....      NoTele   +   (boots unavailable)
Stlth   ++........              (no amulet)
HPRegen 1.09/turn               l - +2 ring of protection
MPRegen 0.18/turn               m - +3 ring of strength

@: ice-form (expiring), wereblooded, gold aura
A: freezing attack, amphibious, boosted hp, large, unfitting armour, (claws 3),
regeneration 1, (shaggy fur 1), (tough skin 1)
a: End Transformation, Renounce Religion, Potion Petition, Call Merchant, Bribe
Branch


You were in the Dungeon.
You worshipped Gozag.
Gozag was greatly pleased with you.
You were a creature of crystalline ice.
You visited 1 branch You collected 7578 gold pieces.
You spent 663 gold pieces at shops.
You paid 1259 gold pieces to Gozag.

Inventory:

Missiles
 o - 3 javelins (quivered)
Armour
 a - a +0 robe (melded)
 k - a +0 cloak (melded)
Jewellery
 l - a +2 ring of protection (left front paw)
 m - a +3 ring of strength (right front paw)
Wands
 j - a wand of iceblast (10)
 t - a wand of mindburst (12)
Scrolls
 h - 2 scrolls of blinking
 i - 2 scrolls of amnesia
 p - a scroll of fog
 q - a scroll of fear
 s - 2 scrolls of enchant weapon
 x - a scroll of immolation {unknown}
Potions
 b - a potion of lignification
 c - a potion of invisibility
 d - 8 potions of heal wounds
 e - a potion of haste
 f - 3 potions of magic
 g - 3 potions of curing
 n - a potion of berserk rage
 u - a potion of ambrosia
 v - a potion of flight
 z - a potion of attraction {unknown}


   Skills:
 + Level 3.8 Fighting
 + Level 8.2 Dodging
 + Level 2.4 Stealth
 + Level 21.1 Unarmed Combat
 + Level 8.5 Spellcasting
 + Level 9.0 Transmutations
 + Level 5.2 Ice Magic


You had 12 spell levels left.
You knew the following spells:

 Your Spells              Type           Power      Damage    Failure   Level
a - Beastly Appendage     Tmut           58%        N/A       1%          1
b - Wereblood             Tmut           29%        N/A       1%          2
c - Spider Form           Tmut/Pois      17%        N/A       6%          3
d - Ice Form              Ice/Tmut       24%        N/A       7%          4
e - Alistair's Intoxicat  Tmut/Pois      11%        N/A       50%         5

Your spell library contained the following spells:

 Spells                   Type           Power      Damage    Failure   Level
 Ignite Poison            Fire/Tmut/Pois 13%        N/A       12%         3
 Necromutation            Tmut/Necr      8%         N/A       100%        8


Dungeon Overview and Level Annotations

Branches:
Dungeon (1/1)

Altars:
Cheibriados
Dithmenos
Elyvilon
Fedhas
Gozag
Hepliaklqana
Kikubaaqudgha
Makhleb
Nemelex Xobeh
Okawaru
Qazlal
Ru
Sif Muna
Trog
Uskayaw
Vehumet
Wu Jian
Xom
Yredelemnul
Zin
The Shining One
Beogh
Jiyva
Lugonu

Shops:
D *(*?*:


Innate Abilities, Weirdness & Mutations

You are a creature of crystalline ice.
You have a powerful freezing melee attack.
You are amphibious.
Your maximum health is increased.
Your armour is entirely melded.
You are incapable of wielding weapons or throwing items.
You are too large for most types of armour.
((You have claws for hands.))
Your natural rate of healing is unusually fast.
((You are covered in fur. (AC +1)))
((You have tough skin. (AC +1)))


Message History

Unknown command.
Casting: Ice Form (dangerous; 7% risk of failure)
Confirm with . or Enter, or press ? or * to list all spells.
Your blood is infused with primal strength.
The orc knight hits you with a +0 long sword!!
* * * LOW HITPOINT WARNING * * *
Unknown command.
You feel much better.
The orc knight roars a battlecry!
The orc knight goes into a battle-frenzy!
You punch the orc knight! You freeze the orc knight.
The orc knight is moderately wounded.
You pummel the orc knight!! You freeze the orc knight.
The orc knight is severely wounded.
The orc knight completely misses you.
You punch the orc knight! You freeze the orc knight.
The orc knight is almost dead.
You punch the orc knight! You freeze the orc knight.
You feel a bit better.
You kill the orc knight!
Your Transmutations skill increases to level 9!
Unknown command.
Aiming: Mindburst
Press: ? - help, Shift-Dir - straight line, f - orc knight
Aim: an orc knight, wielding a +0 long sword and wearing a +0 plate armour (strong, chance to affect: 47%)
The orc knight resists with some effort.
Your transformation is almost over.
Unknown command.
You hit the orc knight. You freeze the orc knight.
The orc knight is lightly wounded.
You howl as the wereblood boils in your veins!
The orc knight hits you with a +0 long sword!!!
* * * LOW HITPOINT WARNING * * *
The orc warrior hits you from afar with a +0 glaive!
* * * LOW HITPOINT WARNING * * *
You feel much better.
The orc knight hits you with a +0 long sword!!
* * * LOW HITPOINT WARNING * * *
The orc warrior hits you from afar with a +0 glaive!!
You die...
Your body crumbles into a pile of gold.

,*,*,*,*,*,*,*,*,▓.▓.▓.▓.▓
,*,*,*,*,*,*,*,*,▓.▓.▓.▓.▓
,*,*,*,*,*,*,*,*,▓.▓[▓.▓.▓
,*,*,*,*,*,*,*,*,▓.▓[▓.▓.▓
,*,*+*,*,*,*+*,▓+▓.▓[▓.▓'▓
+*,*,*,*,*,*,*,▓.▓.▓[▓.▓)▓
,*,*,*,*,*,*,*,▓o▓.▓.▓.▓.▓
,*,*,*,*+*,*,*,▓o▓.▓.▓.▓)▓
,*,*,*,*,*,*,*,▓Y▓.▓'▓.▓.▓
,*,*,*,*,*,*,*,▓.▓.▓.▓.▓)▓
,*,*,*,*,*,*,*,▓∩▓.▓.▓.▓)▓
,*,*,*,*,*,*,*,▓.▓.▓.▓.▓)▓
,*,*,*,*,*,*,*,▓∩▓.▓.▓.▓[▓
,*,*,*,*,*,*,*,▓.▓.▓.▓.▓.▓
,*,*,*,*,*,*,*,▓∩▓.▓.▓.▓[▓
,*,*,*,*,*,*,*,▓.▓.▓.▓.▓[▓
,*,*,*,*,*,*,*,▓∩▓.▓.▓.▓.▓


You could see an orc knight (strong) and an orc warrior (strong).

Vanquished Creatures
  A hydra (D)
  A skeletal warrior (D)
  2 deep elf pyromancers (D)
  9 orc knights (D)
  9 elephants (D)
  3 cane toads (D)
  A rime drake (D)
  2 komodo dragons (D)
  4 yaks (D)
  2 wraiths (D)
  A wyvern (D)
  6 water moccasins (D)
  16 orc warriors (D)
  An ogre (D)
  A wolf (shapeshifter) (D)
  2 bullfrogs (D)
  A wight (D)
  A howler monkey (D)
  An orc priest (D)
  A jelly (D)
  An iguana (D)
  4 orc wizards (D)
  A white imp (D)
  A dart slug (D)
  8 orcs (D)
  A bat (D)
  A giant cockroach (D)
  A hobgoblin (D)
  A kobold (D)
84 creatures vanquished.

Notes
Turn   | Place    | Note
-------+----------+-------------------------------------------
     0 | D        | mhtbhm the Troll Transmuter began the quest for the Orb.
     0 | D        | Reached XP level 1. HP: 18/18 MP: 1/1
    11 | D        | Reached skill level 4 in Unarmed Combat
    14 | D        | Reached XP level 2. HP: 20/26 MP: 1/3
    41 | D        | Learned a level 2 spell: Wereblood
    43 | D        | Noticed an ogre
    43 | D        | Noticed a water moccasin
    47 | D        | Killed a water moccasin
    48 | D        | Reached skill level 7 in Unarmed Combat
    48 | D        | Reached XP level 3. HP: 32/32 MP: 0/6
    48 | D        | Reached XP level 4. HP: 40/40 MP: 0/7
    49 | D        | Reached skill level 8 in Unarmed Combat
    49 | D        | Reached XP level 5. HP: 46/46 MP: 0/8
    53 | D        | Killed an ogre
    54 | D        | Reached skill level 9 in Unarmed Combat
    93 | D        | Found a snail-covered altar of Cheibriados.
    93 | D        | Found a shadowy altar of Dithmenos.
    93 | D        | Found a white marble altar of Elyvilon.
    93 | D        | Found a blossoming altar of Fedhas.
    93 | D        | Found an opulent altar of Gozag.
    94 | D        | Found a hazy altar of Hepliaklqana.
    95 | D        | Found a viscous altar of Jiyva.
    96 | D        | Found an ancient bone altar of Kikubaaqudgha.
    97 | D        | Found a corrupted altar of Lugonu.
    98 | D        | Found a burning altar of Makhleb.
    99 | D        | Found a sparkling altar of Nemelex Xobeh.
   100 | D        | Found an iron altar of Okawaru.
   105 | D        | Became a worshipper of Gozag Ym Sagoz the Greedy
   110 | D        | Learned a level 3 spell: Spider Form
   115 | D        | Learned a level 4 spell: Ice Form
   115 | D        | Found a stormy altar of Qazlal.
   116 | D        | Found a sacrificial altar of Ru.
   117 | D        | Found a shimmering blue altar of Sif Muna.
   118 | D        | Found a bloodstained altar of Trog.
   119 | D        | Found a hide-covered altar of Uskayaw.
   120 | D        | Found a radiant altar of Vehumet.
   121 | D        | Found an ornate altar of the Wu Jian Council.
   122 | D        | Found a shimmering altar of Xom.
   125 | D        | Found a basalt altar of Yredelemnul.
   126 | D        | Found a glowing silver altar of Zin.
   127 | D        | Found a glowing golden altar of the Shining One.
   194 | D        | Noticed an orc warrior
   194 | D        | Noticed a wraith
   194 | D        | Noticed a wyvern
   194 | D        | Noticed a yak
   196 | D        | Reached skill level 10 in Unarmed Combat
   196 | D        | Reached XP level 6. HP: 54/54 MP: 8/10
   197 | D        | Killed a yak
   198 | D        | Reached skill level 11 in Unarmed Combat
   201 | D        | Killed a wyvern
   202 | D        | Reached XP level 7. HP: 56/61 MP: 8/12
   210 | D        | Killed a wraith
   211 | D        | Reached skill level 1 in Fighting
   211 | D        | Reached skill level 12 in Unarmed Combat
   211 | D        | Reached skill level 5 in Transmutations
   211 | D        | Reached skill level 1 in Ice Magic
   214 | D        | Reached skill level 5 in Dodging
   214 | D        | Reached skill level 5 in Spellcasting
   235 | D        | Noticed a deep elf pyromancer
   235 | D        | Noticed a skeletal warrior
   235 | D        | Noticed a wraith
   235 | D        | Noticed a deep elf pyromancer
   245 | D        | Killed a deep elf pyromancer
   246 | D        | Reached skill level 13 in Unarmed Combat
   246 | D        | Reached XP level 8. HP: 70/70 MP: 7/15
   262 | D        | Killed a skeletal warrior
   263 | D        | Reached skill level 14 in Unarmed Combat
   263 | D        | Reached XP level 9. HP: 31/76 MP: 10/16
   292 | D        | Killed a deep elf pyromancer
   293 | D        | Reached skill level 15 in Unarmed Combat
   570 | D        | Noticed a cane toad
   570 | D        | Noticed a four-headed hydra
   575 | D        | Noticed a rime drake
   576 | D        | Killed a four-headed hydra
   582 | D        | Reached skill level 16 in Unarmed Combat
   588 | D        | Killed a cane toad
   590 | D        | Reached XP level 10. HP: 88/88 MP: 13/19
   612 | D        | Noticed an elephant
   612 | D        | Noticed a cane toad
   624 | D        | Reached skill level 17 in Unarmed Combat
   626 | D        | Killed a cane toad
   627 | D        | Reached skill level 1 in Stealth
   627 | D        | Noticed a cane toad
   637 | D        | Killed an elephant
   648 | D        | Killed a cane toad
   681 | D        | Noticed an elephant
   681 | D        | Noticed an elephant
   681 | D        | Noticed an elephant
   681 | D        | Noticed an elephant
   681 | D        | Noticed an elephant
   681 | D        | Noticed an elephant
   685 | D        | Killed an elephant
   686 | D        | Reached skill level 18 in Unarmed Combat
   687 | D        | Noticed an elephant
   688 | D        | Killed an elephant
   693 | D        | Killed an elephant
   698 | D        | Killed an elephant
   700 | D        | Noticed an elephant
   702 | D        | Killed an elephant
   703 | D        | Reached XP level 11. HP: 85/97 MP: 17/21
   706 | D        | Reached skill level 19 in Unarmed Combat
   845 | D        | Noticed an orc knight
   855 | D        | Killed an orc knight
   907 | D        | Bought the Guide on Shape Shifting for 576 gold pieces
   913 | D        | Learned a level 5 spell: Alistair's Intoxication
   915 | D        | Bought a scroll labelled GAEBLOGRAO for 30 gold pieces
   915 | D        | Bought a scroll labelled KARAUFA INLOLA for 30 gold pieces
   915 | D        | Bought a fuming red potion for 27 gold pieces
   919 | D        | Noticed an orc knight
   928 | D        | Killed an orc knight
   929 | D        | Reached skill level 20 in Unarmed Combat
  1018 | D        | Found Kouthudu's Magic Scroll Boutique.
  1018 | D        | Noticed an orc knight
  1018 | D        | Noticed an orc knight
  1018 | D        | Noticed an orc knight
  1019 | D        | Noticed an orc knight
  1021 | D        | Noticed an orc knight
  1024 | D        | Killed an orc knight
  1025 | D        | Found Jyijal's General Store.
  1122 | D        | Killed an orc knight
  1204 | D        | Killed an orc knight
  1279 | D        | Killed an orc knight
  1370 | D        | Killed an orc knight
  1371 | D        | Reached skill level 5 in Ice Magic
  1399 | D        | Noticed an orc knight
  1405 | D        | Killed an orc knight
  1406 | D        | Reached skill level 21 in Unarmed Combat
  1452 | D        | Found Xuffuerph's Weapon Boutique.
  1472 | D        | Found Waush's Assorted Antiques.
  1476 | D        | Noticed an orc knight
  1477 | D        | Noticed an orc knight
  1489 | D        | Killed an orc knight
  1492 | D        | Mangled by an orc warrior

Illustrated notes

Levels and vault maps discovered:
D:        linesprint [early_d, line_temple, items_1, d_10, items_2, lair_1,
          lair_end, items_3, orc_1, orc_end, items_4, d_15, swamp_1, shoals_1,
          snake_1, spider_1, d_20, vaults_1, items_5, swamp_end, shoals_end,
          snake_end, spider_end, vaults_end, d_27, items_6, zot_1, zot_end,
          crypt_end, forest_end, elf_end, slime_end, tomb_end, abyss_end,
          pan_hell_end]

Skill      XL: |  1  2  3  4  5  6  7  8  9 10 11 |
---------------+----------------------------------+-----
Unarmed Combat | 4 7 8 10 11 13 14 16 18 21 | 21.1
Dodging        | 2 3 4 5 6 7 8 |  8.2
Spellcasting   | 2 3 4 5 6 7 8 |  8.5
Transmutations | 2 3 4 5 6 7 8 9 |  9.0
Fighting       | 1 2 3 |  3.8
Ice Magic      | 1 2 3 4 5 |  5.2
Stealth        | 1 2 |  2.4

Action                   |  1- 3 |  4- 6 |  7- 9 | 10-12 || total
-------------------------+-------+-------+-------+-------++-------
Melee: Unarmed           |     9 |    11 |    57 |   144 ||   221
       Headbutt          |     1 |       |     2 |       ||     3
       Kick              |       |     1 |     3 |       ||     4
       Punch             |       |     1 |     1 |       ||     2
 Cast: Wereblood         |     1 |     1 |     2 |     8 ||    12
       Beastly Appendage |     1 |       |     2 |       ||     3
       Ice Form          |       |     1 |     2 |    11 ||    14
Invok: Call Merchant     |       |       |       |     2 ||     2
Evoke: Wand              |       |       |       |     1 ||     1
  Use: Potion            |     2 |     1 |     2 |     2 ||     7
       Scroll            |       |       |     1 |     2 ||     3
 Stab: Distracted        |       |       |     1 |     1 ||     2
Armor: Robe              |     4 |       |     3 |       ||     7
       Skin              |       |     1 |     8 |    15 ||    24
Dodge: Dodged            |     5 |     4 |    18 |    38 ||    65

Table legend: (Time is in decaauts)
 A = Elapsed time spent in this place.
 B = Non-inter-level travel time spent in this place.
 C = Inter-level travel time spent in this place.
 D = Time resting spent in this place.
 E = Time spent auto-exploring this place.
 F = Levels seen in this place.
 G = Mean time per level.
                   A        B        C        D        E       F      G
               +--------+--------+--------+--------+--------+-----+--------+
         Total |   1434 |   1434 |      0 |    361 |    330 |   1 | 1434.0 |
       Dungeon |   1434 |   1434 |      0 |    361 |    330 |   1 | 1434.0 |
               +--------+--------+--------+--------+--------+-----+--------+

Top non-repeatable levels by time:
       D: 1434 daAuts
